[Event "ICC tourney 2161 (75 10)"]
[Site "Internet Chess Club"]
[Date "2020.11.27"]
[Round "3"]
[White "castle2king"]
[Black "hggonzalezzss"]
[Result "1-0"]
[ICCResult "Black checkmated"]
[WhiteElo "1561"]
[BlackElo "1767"]
[Opening "Sicilian: Canal-Sokolsky attack, 3...Bd7"]
[ECO "B52"]
[NIC "SI.01"]
[Time "18:32:40"]
[PlyCount "157"]
[TimeControl "4500+10"]


1. e4 c5 2. Nf3 d6 3. Bb5+ Bd7 4. Bxd7+ Nxd7 5. O-O g6 6. c3 Ngf6 7. Qe2
Qc7 8. d4 cxd4 9. cxd4 e5 10. dxe5 dxe5 11. Nc3 Bg7 12. Bd2 O-O 13. Rac1
Rad8 14. Nb5 Qb8 15. Bb4 a6 16. Bxf8 Nxf8 17. Nc3 Ne6 18. Rfd1 Re8 19. g3
Nh5 20. Nd5 Bh6 21. Rc2 Nd4 22. Nxd4 exd4 23. Rxd4 Qe5 24. Rdc4 Bf8 25. f4
Qb8 26. Qf2 Qd6 27. Rd4 Rd8 28. Rcd2 Qb8 29. Nf6+ Nxf6 30. Rxd8 Qc7 31. Qd4
Kg7 32. Kg2 Bc5 33. Qc3 Qe7 34. Qc4 b5 35. Qe2 h5 36. h3 Bb6 37. e5 Qb7+
38. Qf3 Ne4 39. R8d7 Qc6 40. R7d6 Qc5 41. Rxb6 Nxd2 42. Qc6 Qf8 43. Rxa6
Nc4 44. Qf6+ Kh7 45. e6 Ne3+ 46. Kf3 Nd5 47. Qxf7+ Qxf7 48. exf7 Kg7 49.
Rxg6+ Kxf7 50. Rg5 Nf6 51. Rf5 Ke6 52. Rxf6+ Kxf6 53. g4 Ke6 54. gxh5 Kf7
55. Kg4 Kg7 56. Kg5 b4 57. b3 Kh7 58. f5 Kg7 59. h6+ Kh7 60. h4 Kg8 61. Kf6
Kh7 62. Ke7 Kg8 63. f6 Kh8 64. f7 Kh7 65. h5 Kxh6 66. f8=Q+ Kg5 67. Qf6+
Kg4 68. Qg6+ Kf4 69. Ke6 Kf3 70. Ke5 Ke2 71. Qe4+ Kd2 72. Kd4 Kc1 73. Qe3+
Kb2 74. Qd2+ Ka3 75. Qc1+ Kxa2 76. Kd3 Kxb3 77. Qb1+ Ka3 78. Kc4 b3 79.
Qa1# { Black checkmated } 1-0

[Event "ICC tourney 2161 (75 10)"]
[Site "Internet Chess Club"]
[Date "2020.11.27"]
[Round "3"]
[White "sidb123"]
[Black "ShanksGames"]
[Result "0-1"]
[ICCResult "White checkmated"]
[WhiteElo "1389"]
[BlackElo "1591"]
[Opening "French: King's Indian attack"]
[ECO "C00"]
[NIC "FR.02"]
[Time "18:32:10"]
[PlyCount "106"]
[TimeControl "4500+10"]


1. e4 e6 2. d3 d5 3. exd5 exd5 4. Nf3 Bd6 5. Nc3 c6 6. d4 Bg4 7. Be2 Nd7 8.
O-O Qc7 9. h3 Bh5 10. Re1 O-O-O 11. Ng5 Bxe2 12. Qxe2 Nh6 13. Nf3 Nf6 14.
Bg5 Rde8 15. Qd3 Nhg8 16. Rxe8+ Nxe8 17. Re1 Ne7 18. Bxe7 Bxe7 19. Qf5+ Kd8
20. Ne5 Bf6 21. Nf3 Nd6 22. Qd3 h6 23. Ne5 Re8 24. Qd2 Bxe5 25. dxe5 Nc4
26. Qd4 b6 27. Rd1 Qxe5 28. Qxe5 Rxe5 29. b3 Na3 30. Rc1 c5 31. Na4 Re2 32.
Nc3 Rd2 33. Kf1 d4 34. Ne4 Rxc2 35. Rxc2 Nxc2 36. Nd2 Na3 37. Ke2 Kc7 38.
Kd3 Kc6 39. f3 Kd5 40. g3 b5 41. Ke2 c4 42. bxc4+ bxc4 43. Kd1 f5 44. Kc1
c3 45. Nb3 d3 46. h4 g5 47. hxg5 hxg5 48. g4 fxg4 49. fxg4 Ke4 50. Nc5+ Ke3
51. Nb3 a5 52. Nxa5 d2+ 53. Kd1 c2# { White checkmated } 0-1

[Event "ICC tourney 2161 (75 10)"]
[Site "Internet Chess Club"]
[Date "2020.11.27"]
[Round "3"]
[White "Clairehouses"]
[Black "cdj12417489"]
[Result "1-0"]
[ICCResult "Black forfeits on time"]
[WhiteElo "1566"]
[BlackElo "1259"]
[Opening "Queen's Indian: Capablanca variation"]
[ECO "E16"]
[NIC "QI.06"]
[Time "18:32:35"]
[PlyCount "119"]
[TimeControl "4500+10"]


1. d4 Nf6 2. c4 e6 3. Nf3 b6 4. g3 Bb7 5. Bg2 Bb4+ 6. Bd2 Bxd2+ 7. Qxd2 d6
8. Nc3 Nbd7 9. O-O d5 10. cxd5 exd5 11. Rac1 O-O 12. Rfe1 Ne4 13. Qc2 Nxc3
14. Qxc3 Rc8 15. Bh3 c5 16. Ne5 cxd4 17. Qxd4 Rxc1 18. Rxc1 Nxe5 19. Qxe5
d4 20. Rd1 Qd5 21. Qxd5 Bxd5 22. b3 a5 23. Rxd4 Be6 24. Bxe6 fxe6 25. Rd6
Rb8 26. Rxe6 Kf7 27. Rc6 Rb7 28. f4 g6 29. Kf2 Ke7 30. e4 Kd7 31. Rc4 Kd6
32. Ke3 b5 33. Rc3 b4 34. Rc4 Rb5 35. Kd4 Rb7 36. Rc5 Ra7 37. g4 Kd7 38.
Kd5 a4 39. Kc4 axb3 40. axb3 Ra2 41. f5 Rxh2 42. fxg6 hxg6 43. Kxb4 Rh8 44.
Kc4 Rf8 45. g5 Rf4 46. Kd4 Rf1 47. b4 Rd1+ 48. Ke5 Rf1 49. b5 Rb1 50. Kf6
Kd6 51. Rd5+ Kc7 52. Kxg6 Kb6 53. Kg7 Ra1 54. Rf5 Re1 55. Re5 Ra1 56. g6
Ra7+ 57. Kf6 Ra2 58. g7 Rg2 59. Rg5 Rf2+ 60. Ke5 { Black forfeits on time }
1-0

[Event "ICC tourney 2161 (75 10)"]
[Site "Internet Chess Club"]
[Date "2020.11.27"]
[Round "3"]
[White "APBrain"]
[Black "Aram99"]
[Result "1-0"]
[ICCResult "Black resigns"]
[WhiteElo "1594"]
[BlackElo "1700"]
[Opening "Sicilian defense"]
[ECO "B20"]
[NIC "SI.48"]
[Time "18:32:04"]
[PlyCount "107"]
[TimeControl "4500+10"]


1. e4 c5 2. b3 Nc6 3. Bb2 e5 4. Bc4 d6 5. d3 Nf6 6. Ne2 a6 7. Nbc3 Be6 8.
O-O d5 9. exd5 Nxd5 10. Bxd5 Bxd5 11. Nxd5 Qxd5 12. f4 O-O-O 13. fxe5 Nxe5
14. d4 Nc6 15. c4 Qe6 16. d5 Qe3+ 17. Kh1 Nb4 18. Rf3 Qe4 19. a3 Nc2 20.
Ng3 Qg6 21. Rc1 Nd4 22. Bxd4 cxd4 23. Qxd4 Bxa3 24. Rcf1 Rhf8 25. c5 Qc2
26. Rc3 Qg6 27. Qc4 Kb8 28. b4 Bb2 29. Rb3 Be5 30. c6 Qd6 31. b5 Qxd5 32.
Qxd5 Rxd5 33. bxa6 b5 34. Rfb1 Kc7 35. Rxb5 Rxb5 36. Rxb5 Rd8 37. Kg1 Bd4+
38. Kf1 Kxc6 39. Rb3 Ra8 40. Nf5 Be5 41. Rb7 Rxa6 42. Rxf7 g6 43. Ne3 Bd4
44. Nc2 Be5 45. Nb4+ Kb5 46. Nxa6 Kxa6 47. Rxh7 Kb5 48. h4 Kc4 49. h5 g5
50. Re7 Bf6 51. Rf7 Bd4 52. h6 Kd5 53. h7 Ke6 54. Rf8 { Black resigns } 1-0

[Event "ICC tourney 2161 (75 10)"]
[Site "Internet Chess Club"]
[Date "2020.11.27"]
[Round "3"]
[White "KyleZhuang"]
[Black "Mapking1"]
[Result "0-1"]
[ICCResult "White resigns"]
[WhiteElo "1629"]
[BlackElo "1799"]
[Opening "Sicilian: dragon, Yugoslav attack, Rauser variation"]
[ECO "B76"]
[NIC "SI.17"]
[Time "18:32:16"]
[PlyCount "132"]
[TimeControl "4500+10"]


1. e4 c5 2. Nf3 d6 3. d4 cxd4 4. Nxd4 Nf6 5. Nc3 g6 6. Be3 Bg7 7. f3 O-O 8.
Qd2 Nc6 9. O-O-O d5 10. Nxc6 bxc6 11. g4 Be6 12. g5 Ne8 13. Bd4 Qa5 14.
Bxg7 Nxg7 15. Kb1 Rfd8 16. exd5 cxd5 17. Ne2 Qb6 18. Nd4 Rab8 19. b3 a5 20.
Be2 a4 21. Qc3 Rdc8 22. Qb2 Nf5 23. Nxe6 Qxe6 24. Bd3 Ne3 25. Rde1 Qb6 26.
Qa3 axb3 27. cxb3 Ra8 28. Qb2 d4 29. Rc1 Nd5 30. Bc4 Nc3+ 31. Rxc3 dxc3 32.
Qxc3 Qf2 33. Qb2 Qxf3 34. Rf1 Qe4+ 35. Ka1 e6 36. Qf2 Qe5+ 37. Kb1 Qf5+ 38.
Qxf5 gxf5 39. a4 Kg7 40. Kb2 Kg6 41. h4 Kh5 42. Rh1 Kg4 43. Be2+ Kf4 44.
Rf1+ Kg3 45. h5 Rg8 46. Bf3 Ra7 47. Bc6 Rxg5 48. b4 f4 49. Be4 Rxa4 50. Kb3
f5 51. Rg1+ Kh4 52. Rh1+ Kg4 53. Rg1+ Kxh5 54. Bf3+ Kh4 55. Rxg5 Rxb4+ 56.
Kxb4 Kxg5 57. Kc3 Kh4 58. Kd2 Kg3 59. Ke2 e5 60. Bh1 e4 61. Kf1 f3 62. Kg1
e3 63. Kf1 h5 64. Ke1 h4 65. Kf1 h3 66. Ke1 e2 { White resigns } 0-1

[Event "ICC tourney 2161 (75 10)"]
[Site "Internet Chess Club"]
[Date "2020.11.27"]
[Round "3"]
[White "Nacaroa-Dan"]
[Black "Han366"]
[Result "0-1"]
[ICCResult "White resigns"]
[WhiteElo "1571"]
[BlackElo "1700"]
[Opening "French: Labourdonnais variation"]
[ECO "C00"]
[NIC "FR.01"]
[Time "18:32:27"]
[PlyCount "150"]
[TimeControl "4500+10"]


1. e4 e6 2. f4 d5 3. e5 c5 4. Nf3 Nc6 5. Na3 a6 6. c3 Nge7 7. Nc2 Ng6 8. d3
Be7 9. Be2 Bd7 10. O-O f6 11. d4 Qc7 12. Be3 c4 13. b3 Na5 14. b4 Nc6 15.
a4 O-O 16. exf6 gxf6 17. Qe1 Rf7 18. Nh4 Rg7 19. Nxg6 Rxg6 20. Bh5 Rh6 21.
Bf3 f5 22. Bd2 Bd6 23. Qe3 Ne7 24. b5 a5 25. Ne1 Ng6 26. g3 Kh8 27. Bg2 Rg8
28. Nf3 Bc8 29. Ne5 Qg7 30. Qf3 Nf8 31. Rf2 Nd7 32. Bf1 Nf6 33. Rg2 Ne4 34.
Bc1 Bxe5 35. dxe5 Rg6 36. Raa2 Rg4 37. Be2 Bd7 38. Bd1 Be8 39. Bc2 Qh6 40.
Bxe4 fxe4 41. Qf2 Bg6 42. Be3 Bf5 43. Bb6 R4g7 44. Qe3 Bg4 45. Bxa5 Bf3 46.
Bb4 Qh3 47. Qf2 h5 48. Kf1 h4 49. Ke1 Bxg2 50. Qxg2 Qxg2 51. Rxg2 hxg3 52.
hxg3 Rxg3 53. Rh2+ Kg7 54. a5 Rh8 55. Rxh8 Kxh8 56. a6 bxa6 57. b6 Rg7 58.
f5 exf5 59. e6 Kg8 60. e7 Kf7 61. b7 Rg8 62. Bd6 Ke6 63. b8=Q Rxb8 64. Bxb8
Kxe7 65. Ke2 a5 66. Bf4 a4 67. Be3 Ke6 68. Bc5 Ke5 69. Ke3 f4+ 70. Ke2 Kf5
71. Kf2 Kg4 72. Bd6 e3+ 73. Ke2 Kg3 74. Bc5 Kg2 75. Bd6 f3+ { White resigns
} 0-1

[Event "ICC tourney 2161 (75 10)"]
[Site "Internet Chess Club"]
[Date "2020.11.27"]
[Round "3"]
[White "flyingfred"]
[Black "kittycat35"]
[Result "0-1"]
[ICCResult "White resigns"]
[WhiteElo "1495"]
[BlackElo "1717"]
[Opening "Giuoco Piano"]
[ECO "C54"]
[NIC "IG.02"]
[Time "18:32:56"]
[PlyCount "84"]
[TimeControl "4500+10"]


1. e4 e5 2. Nf3 Nc6 3. Bc4 Bc5 4. c3 Nf6 5. d3 d6 6. O-O O-O 7. a4 a6 8.
Re1 Bg4 9. h3 Bh5 10. Bg5 h6 11. Bh4 g5 12. Bg3 g4 13. hxg4 Bxg4 14. Nbd2
Nh5 15. Bh4 Qd7 16. Qc1 Kh7 17. Nh2 Be6 18. Bxe6 fxe6 19. Ndf3 Nf4 20. Qd1
Qg7 21. g3 Nh3+ 22. Kf1 Nxf2 23. Qd2 Ng4 24. d4 exd4 25. Kg2 Nxh2 26. Nxh2
dxc3 27. Qxc3 Rf2+ 28. Kh3 Bd4 29. Qc4 Bf6 30. Qxe6 Bxh4 31. Ng4 Rf6 32.
Nxf6+ Bxf6 33. Qf5+ Kh8 34. Rf1 Be5 35. g4 Nd4 36. Qf7 Qxf7 37. Rxf7 Rc8
38. Raf1 Kg8 39. Rd7 Ne6 40. b3 Nc5 41. Re7 Nxe4 42. Kh4 Bf6+ { White
resigns } 0-1

[Event "ICC tourney 2161 (75 10)"]
[Site "Internet Chess Club"]
[Date "2020.11.27"]
[Round "3"]
[White "virajphadke"]
[Black "narayan0811"]
[Result "0-1"]
[ICCResult "White resigns"]
[WhiteElo "1589"]
[BlackElo "1371"]
[Opening "Queen's pawn"]
[ECO "A40"]
[NIC "QO.17"]
[Time "18:32:19"]
[PlyCount "130"]
[TimeControl "4500+10"]


1. d4 e6 2. Bf4 d5 3. e3 Nf6 4. Nf3 c5 5. c3 Nc6 6. Nbd2 Nh5 7. Bg3 Qb6 8.
Qb3 c4 9. Qc2 Bd7 10. Be2 Be7 11. Ne5 Nf6 12. Rb1 Rc8 13. Nxc6 Qxc6 14. Nf3
Ne4 15. Bd1 f6 16. Nd2 Nxd2 17. Qxd2 O-O 18. O-O Bd6 19. Bf3 b5 20. Rfe1
Bxg3 21. hxg3 f5 22. g4 fxg4 23. Bxg4 Rf6 24. g3 Rh6 25. Kg2 e5 26. Bxd7
Qxd7 27. Rh1 Rxh1 28. Rxh1 e4 29. Qe2 Rf8 30. Rh4 g6 31. Qg4 Qxg4 32. Rxg4
a5 33. a3 Kg7 34. Rf4 Rb8 35. f3 exf3+ 36. Rxf3 b4 37. axb4 axb4 38. cxb4
Rxb4 39. Rf2 Rb3 40. Kf3 h5 41. Re2 Kf6 42. g4 h4 43. Kg2 Kg5 44. Kh3 Rb8
45. Rf2 Re8 46. Re2 Rf8 47. e4 Re8 48. e5 Kf4 49. e6 Re7 50. Re5 Re8 51. e7
g5 52. Rxd5 Rxe7 53. Rf5+ Ke4 54. d5 Re5 55. Rf8 Rxd5 56. Kg2 Rd2+ 57. Kh3
Rxb2 58. Rf5 c3 59. Rxg5 Kd4 60. Rg8 c2 61. Rc8 Rb3+ 62. Kh2 Rc3 63. Rd8+
Ke3 64. Re8+ Kd2 65. Rd8+ Rd3 { White resigns } 0-1

[Event "ICC tourney 2161 (75 10)"]
[Site "Internet Chess Club"]
[Date "2020.11.27"]
[Round "3"]
[White "MikeWMason"]
[Black "RatislavK"]
[Result "1-0"]
[ICCResult "Black checkmated"]
[WhiteElo "1762"]
[BlackElo "1191"]
[Opening "Catalan: closed"]
[ECO "E01"]
[NIC "CA.01"]
[Time "18:32:29"]
[PlyCount "135"]
[TimeControl "4500+10"]


1. d4 Nf6 2. c4 e6 3. g3 d5 4. Bg2 c5 5. Nf3 cxd4 6. O-O Bc5 7. Nbd2 Nc6 8.
Nb3 Qb6 9. cxd5 Nxd5 10. Qc2 Bd6 11. Qc4 Bd7 12. Nfxd4 Ne5 13. Qc2 Rc8 14.
Qd1 O-O 15. Nf5 Bb8 16. Bxd5 exf5 17. Be3 Qb5 18. Bg2 Rfd8 19. Qd5 Qxe2 20.
Rfe1 Qh5 21. Qxb7 Bc6 22. Bxc6 Rxc6 23. Rad1 Rcd6 24. Rxd6 Bxd6 25. Kg2 Ng4
26. h3 Nxe3+ 27. Rxe3 f4 28. Rd3 Qe5 29. Qd5 Qxd5+ 30. Rxd5 fxg3 31. Nd4
Bc7 32. Rxd8+ Bxd8 33. fxg3 Bb6 34. Nc6 f6 35. a4 a5 36. b4 axb4 37. Nxb4
Kf7 38. Nc6 Ke6 39. a5 Bc5 40. a6 h5 41. Kf3 g5 42. a7 Bxa7 43. Nxa7 Kf5
44. h4 Kg6 45. Nc6 gxh4 46. gxh4 Kf5 47. Ne7+ Ke6 48. Ng6 Kf5 49. Nf4 Ke5
50. Nxh5 f5 51. Ng3 f4 52. Nh5 Kf5 53. Nxf4 Kf6 54. Kg4 Kg7 55. Kg5 Kh7 56.
Ne6 Kh8 57. Kg6 Kg8 58. h5 Kh8 59. Ng5 Kg8 60. h6 Kh8 61. Nf7+ Kg8 62. h7+
Kf8 63. h8=Q+ Ke7 64. Qf6+ Kd7 65. Qd6+ Kc8 66. Qe7 Kb8 67. Nd6 Ka8 68.
Qb7# { Black checkmated } 1-0

[Event "ICC tourney 2161 (75 10)"]
[Site "Internet Chess Club"]
[Date "2020.11.28"]
[Round "4"]
[White "Khammurabi"]
[Black "atjn494"]
[Result "1-0"]
[ICCResult "Black resigns"]
[WhiteElo "1601"]
[BlackElo "1568"]
[Opening "Robatsch (modern) defense"]
[ECO "B06"]
[NIC "KF.05"]
[Time "11:03:50"]
[PlyCount "43"]
[TimeControl "4500+10"]


1. e4 g6 2. d4 Bg7 3. Be3 d6 4. Qd2 Nf6 5. f3 O-O 6. Bh6 Nbd7 7. Bxg7 Kxg7
8. Nc3 e5 9. d5 Nc5 10. Bd3 Nh5 11. Nge2 Qh4+ 12. g3 Qf6 13. O-O-O Qxf3 14.
Rdf1 Qg4 15. h3 Nxd3+ 16. cxd3 Qd7 17. g4 Nf6 18. Ng3 c6 19. Rhg1 cxd5 20.
Nf5+ gxf5 21. gxf5+ Kh8 22. Qh6 { Black resigns } 1-0

[Event "ICC tourney 2161 (75 10)"]
[Site "Internet Chess Club"]
[Date "2020.11.28"]
[Round "4"]
[White "Eagle2020"]
[Black "ChessG2011"]
[Result "1-0"]
[ICCResult "Black resigns"]
[WhiteElo "1505"]
[BlackElo "1200"]
[Opening "Giuoco Piano: Möller (Therkatz) attack"]
[ECO "C54"]
[NIC "IG.02"]
[Time "11:03:32"]
[PlyCount "27"]
[TimeControl "4500+10"]


1. e4 e5 2. Nf3 Nc6 3. Bc4 Bc5 4. c3 Nf6 5. d4 exd4 6. cxd4 Bb4+ 7. Nc3
Nxe4 8. O-O Bxc3 9. d5 O-O 10. bxc3 Na5 11. Bd3 Nc5 12. Bxh7+ Kh8 13. Ng5
Qf6 14. Qh5 { Black resigns } 1-0

[Event "ICC tourney 2161 (75 10)"]
[Site "Internet Chess Club"]
[Date "2020.11.28"]
[Round "4"]
[White "yogokings12"]
[Black "jason54312"]
[Result "1-0"]
[ICCResult "Black resigns"]
[WhiteElo "1669"]
[BlackElo "1551"]
[Opening "KGA: bishop's gambit"]
[ECO "C33"]
[NIC "KG.03"]
[Time "11:03:34"]
[PlyCount "37"]
[TimeControl "4500+10"]


1. e4 e5 2. f4 exf4 3. Bc4 Qh4+ 4. Kf1 d6 5. Nf3 Qd8 6. d4 Be7 7. Bxf4 Nf6
8. Nc3 Nc6 9. Qd2 Na5 10. Bd3 Nc6 11. Re1 Bg4 12. d5 Nb8 13. Kf2 Nbd7 14.
Rhf1 Nh5 15. Be3 Bh4+ 16. Nxh4 Qxh4+ 17. Kg1 Nhf6 18. h3 Bh5 19. Bf2 {
Black resigns } 1-0

[Event "ICC tourney 2161 (75 10)"]
[Site "Internet Chess Club"]
[Date "2020.11.28"]
[Round "4"]
[White "lovechess12"]
[Black "Aserah"]
[Result "0-1"]
[ICCResult "White resigns"]
[WhiteElo "1285"]
[BlackElo "1504"]
[Opening "Pirc: Holmov system"]
[ECO "B07"]
[NIC "PU.07"]
[Time "11:03:55"]
[PlyCount "64"]
[TimeControl "4500+10"]


1. e4 d6 2. d4 Nf6 3. Nc3 g6 4. Bc4 Bg7 5. Nf3 O-O 6. O-O Nxe4 7. Bxf7+
Rxf7 8. Nxe4 Bf5 9. Ng3 Bg4 10. Qd3 Nc6 11. c3 Bxf3 12. gxf3 e5 13. d5 Ne7
14. Bg5 Qf8 15. Bxe7 Qxe7 16. Qb5 Rb8 17. Qe2 Qf6 18. Kg2 Rbf8 19. Rad1
Qxf3+ 20. Qxf3 Rxf3 21. Rde1 Bh6 22. Re2 Rd3 23. Ne4 Rxd5 24. Rfe1 Rd3 25.
Rf1 Rdf3 26. c4 Rd3 27. c5 Rf4 28. cxd6 cxd6 29. Rc1 Rg4+ 30. Kf1 Bxc1 31.
Nf6+ Kg7 32. Nxg4 Rd2 { White resigns } 0-1

[Event "ICC tourney 2161 (75 10)"]
[Site "Internet Chess Club"]
[Date "2020.11.28"]
[Round "4"]
[White "rcww2020"]
[Black "MikeWMason"]
[Result "1/2-1/2"]
[ICCResult "Game drawn by mutual agreement"]
[WhiteElo "1658"]
[BlackElo "1762"]
[Opening "Sicilian: Smith-Morra gambit"]
[ECO "B21"]
[NIC "SI.48"]
[Time "11:03:40"]
[PlyCount "42"]
[TimeControl "4500+10"]


1. e4 c5 2. d4 cxd4 3. c3 dxc3 4. Nxc3 e6 5. Nf3 Nc6 6. Bc4 a6 7. O-O b5 8.
Bb3 Bb7 9. Qe2 Nge7 10. Bf4 Ng6 11. Bg3 Be7 12. Rfd1 O-O 13. Rac1 Kh8 14.
Qd3 d6 15. Bxd6 Bxd6 16. Qxd6 Qxd6 17. Rxd6 Rad8 18. Rcd1 Rxd6 19. Rxd6 Rd8
20. Rxd8+ Nxd8 21. a3 Kg8 { Game drawn by mutual agreement } 1/2-1/2

[Event "ICC tourney 2161 (75 10)"]
[Site "Internet Chess Club"]
[Date "2020.11.28"]
[Round "4"]
[White "ZYCON"]
[Black "jackl514"]
[Result "0-1"]
[ICCResult "White checkmated"]
[WhiteElo "1400"]
[BlackElo "1585"]
[Opening "Queen's gambit declined"]
[ECO "D30"]
[NIC "QP.08"]
[Time "11:03:40"]
[PlyCount "110"]
[TimeControl "4500+10"]


1. d4 d5 2. c4 e6 3. Nf3 Nf6 4. e3 c6 5. Bd3 Nbd7 6. O-O dxc4 7. Bxc4 b5 8.
Bd3 Bb7 9. Nbd2 a6 10. b3 c5 11. Bb2 Bd6 12. h3 Rc8 13. Rc1 O-O 14. Re1
cxd4 15. exd4 h6 16. Ne5 Bc7 17. f4 Nd5 18. f5 Nf4 19. Be4 Bxe4 20. Rxe4
Nxe5 21. dxe5 Nd3 22. Rd4 Bb6 23. Rxc8 Bxd4+ 24. Bxd4 Qxd4+ 25. Kh2 Rxc8
26. Nf3 Qc3 27. fxe6 fxe6 28. Qe2 Nf4 29. Qe4 Rf8 30. Ne1 Qd2 31. a3 Qe2
32. Qxe2 Nxe2 33. Nd3 Kf7 34. g4 Nd4 35. Nc5 a5 36. Kg3 b4 37. axb4 axb4
38. Kf4 Rc8 39. Nb7 Ke7 40. Na5 Rc3 41. h4 Nxb3 42. Nxb3 Rxb3 43. h5 Rc3
44. Ke4 b3 45. Kd4 Rc8 46. Kd3 b2 47. Ke4 b1=Q+ 48. Ke3 Qd1 49. Kf4 Rc4+
50. Ke3 Qd4+ 51. Kf3 Rc3+ 52. Ke2 Qd3+ 53. Ke1 Ra3 54. Kf2 Ra2+ 55. Kg1
Qd1# { White checkmated } 0-1

[Event "ICC tourney 2161 (75 10)"]
[Site "Internet Chess Club"]
[Date "2020.11.28"]
[Round "4"]
[White "Yamato1945"]
[Black "ivo20"]
[Result "1-0"]
[ICCResult "Black resigns"]
[WhiteElo "1434"]
[BlackElo "1416"]
[Opening "Queen's gambit declined"]
[ECO "D06"]
[NIC "QP.08"]
[Time "11:03:30"]
[PlyCount "49"]
[TimeControl "4500+10"]


1. d4 d5 2. c4 h6 3. cxd5 Qxd5 4. Nc3 Qd8 5. e4 e6 6. Nf3 Nf6 7. Bc4 Bb4 8.
Qc2 Bxc3+ 9. bxc3 O-O 10. O-O Nbd7 11. Bf4 Nh5 12. Be3 Nb6 13. Bb3 a5 14.
Qd3 Nf6 15. Bc2 Nh7 16. e5 f5 17. exf6 Nxf6 18. Qg6 Qe8 19. Qg3 Qh5 20. Ne5
Nbd5 21. Bg6 Qe2 22. Bxh6 Kh8 23. Bxg7+ Kg8 24. Bh6 Nxc3 25. Bf7+ { Black
resigns } 1-0

[Event "ICC tourney 2161 (75 10)"]
[Site "Internet Chess Club"]
[Date "2020.11.28"]
[Round "4"]
[White "ShanksGames"]
[Black "stephenwilly"]
[Result "1-0"]
[ICCResult "Black checkmated"]
[WhiteElo "1591"]
[BlackElo "1445"]
[Opening "Vienna gambit: Paulsen attack"]
[ECO "C29"]
[NIC "VG.03"]
[Time "11:03:59"]
[PlyCount "105"]
[TimeControl "4500+10"]


1. e4 e5 2. Nc3 Nf6 3. f4 d5 4. fxe5 Nxe4 5. Qf3 Nc6 6. Bb5 Nxc3 7. bxc3
Bc5 8. d4 Bb6 9. Ne2 O-O 10. O-O Nxe5 11. Qg3 Ng6 12. Bd3 Be6 13. Nf4 Qd6
14. a4 a5 15. Ba3 Qc6 16. Bb5 Nxf4 17. Rxf4 Bxd4+ 18. cxd4 Qxc2 19. Rc1 Qd2
20. Rf2 Qh6 21. Rxc7 Rfc8 22. Rxb7 Qh5 23. Qf3 Qg6 24. Bd7 Bxd7 25. Rxd7
Rab8 26. Qxf7+ Qxf7 27. Rdxf7 Rb1+ 28. Rf1 Rxf1+ 29. Rxf1 h6 30. Rc1 Rxc1+
31. Bxc1 Kf7 32. Kf2 Ke6 33. Ke3 Kd6 34. Bd2 Kc6 35. Bxa5 Kb7 36. Kf4 Kc6
37. Ke5 g5 38. g3 g4 39. Kf4 h5 40. Kg5 h4 41. Kxh4 Kb7 42. Kxg4 Ka6 43.
Bb4 Kb6 44. h4 Kc6 45. h5 Kd7 46. h6 Ke6 47. h7 Kf7 48. h8=Q Kg6 49. Qh5+
Kf6 50. Qf5+ Kg7 51. Kg5 Kh8 52. Kg6 Kg8 53. Qf8# { Black checkmated } 1-0

[Event "ICC tourney 2161 (75 10)"]
[Site "Internet Chess Club"]
[Date "2020.11.28"]
[Round "4"]
[White "Aram99"]
[Black "UltimateDL"]
[Result "1-0"]
[ICCResult "Black checkmated"]
[WhiteElo "1700"]
[BlackElo "1480"]
[Opening "QGA: 3.e4"]
[ECO "D20"]
[NIC "QG.04"]
[Time "11:03:47"]
[PlyCount "79"]
[TimeControl "4500+10"]


1. d4 d5 2. c4 dxc4 3. e4 e5 4. d5 Nf6 5. Nc3 b5 6. Bg5 Bb4 7. Qc2 O-O 8.
a3 Bxc3+ 9. bxc3 c6 10. a4 cxd5 11. axb5 Bb7 12. exd5 Bxd5 13. Rd1 h6 14.
Bxf6 gxf6 15. Bxc4 Bxc4 16. Rxd8 Rxd8 17. Qe4 Bd5 18. Qg4+ Kh8 19. c4 Be6
20. Qf3 Nd7 21. c5 Kg7 22. Qe3 Bd5 23. Nf3 Bxf3 24. gxf3 Rac8 25. Rg1+ Kh7
26. Qe4+ Kh8 27. Qh4 Kh7 28. Qg4 Rg8 29. Qf5+ Kh8 30. Rxg8+ Rxg8 31. Qxd7
Rg1+ 32. Ke2 Kg7 33. c6 Rc1 34. c7 e4 35. c8=Q exf3+ 36. Kxf3 Rc3+ 37. Qxc3
h5 38. Qc4 Kh8 39. Qcxf7 h4 40. Qh7# { Black checkmated } 1-0

[Event "ICC tourney 2161 (75 10)"]
[Site "Internet Chess Club"]
[Date "2020.11.28"]
[Round "4"]
[White "Jeffchess"]
[Black "FlowingMelody"]
[Result "0-1"]
[ICCResult "White checkmated"]
[WhiteElo "1236"]
[BlackElo "1317"]
[Opening "Giuoco Piano: four knights variation"]
[ECO "C50"]
[NIC "IG.02"]
[Time "11:03:35"]
[PlyCount "136"]
[TimeControl "4500+10"]


1. e4 e5 2. Nf3 Nc6 3. Bc4 Bc5 4. Nc3 Nf6 5. Bxf7+ Kxf7 6. Nxe5+ Nxe5 7. d4
Bxd4 8. Qxd4 d6 9. Bg5 h6 10. Bxf6 Qxf6 11. Nd5 Nf3+ 12. gxf3 Qxd4 13. c3
Qd3 14. Ne3 Qb5 15. O-O-O Be6 16. a3 a5 17. Rd4 Ra6 18. Rd2 Rc6 19. f4 Ba2
20. Rg1 Rxc3+ 21. Nc2 Qc4 22. bxc3 Qb3 23. Rdd1 Qxc3 24. Rg3 Qc6 25. f3 Bb3
26. Rd2 Qc3 27. f5 Bxc2 28. Rxc2 Qxa3+ 29. Kb1 Qb4+ 30. Ka2 Qa4+ 31. Kb1
Qd7 32. Rcg2 Rg8 33. h4 Qb5+ 34. Ka2 a4 35. h5 Qb3+ 36. Ka1 a3 37. f4 Qd1+
38. Ka2 Qxh5 39. Kxa3 Qd1 40. Kb2 Qd4+ 41. Rc3 Qb4+ 42. Rb3 Qxe4 43. Rgg3
Qxf4 44. Rgf3 Qe5+ 45. Kc1 b6 46. Rfe3 Qxf5 47. Rf3 Qxf3 48. Rxf3+ Ke6 49.
Re3+ Kf5 50. Re7 g5 51. Rxc7 g4 52. Rf7+ Ke6 53. Rf1 g3 54. Kd2 h5 55. Ke3
h4 56. Rh1 g2 57. Rg1 h3 58. Kf3 Rf8+ 59. Kg3 Rf1 60. Kh2 Rxg1 61. Kxg1 b5
62. Kh2 b4 63. Kg1 b3 64. Kh2 b2 65. Kxh3 g1=Q 66. Kh4 Kf5 67. Kh3 Kf4 68.
Kh4 Qg4# { White checkmated } 0-1

[Event "ICC tourney 2161 (75 10)"]
[Site "Internet Chess Club"]
[Date "2020.11.28"]
[Round "4"]
[White "atharvamchess"]
[Black "dangdang2000"]
[Result "1/2-1/2"]
[ICCResult "Game drawn by repetition"]
[WhiteElo "1502"]
[BlackElo "1257"]
[Opening "Queen's pawn, Mason variation"]
[ECO "D00"]
[NIC "QP.08"]
[Time "11:03:49"]
[PlyCount "56"]
[TimeControl "4500+10"]


1. d4 d5 2. Bf4 Nf6 3. e3 Bf5 4. Bd3 Bg6 5. Nf3 Nbd7 6. c3 e6 7. Qe2 c5 8.
Nbd2 c4 9. Bxg6 hxg6 10. h3 Be7 11. Ne5 Qb6 12. Ndf3 Rd8 13. Qc2 Ne4 14.
Nxd7 Rxd7 15. Ne5 Rd8 16. Qa4+ Kf8 17. Nd7+ Rxd7 18. Qxd7 g5 19. Bg3 g6 20.
O-O-O Qa5 21. Kc2 Qxa2 22. Qb5 a6 23. Qxb7 Qa4+ 24. b3 Qa2+ 25. Kc1 Qa1+
26. Kc2 Qa2+ 27. Kc1 Qa1+ 28. Kc2 Qa2+ { Game drawn by repetition } 1/2-1/2

[Event "ICC tourney 2161 (75 10)"]
[Site "Internet Chess Club"]
[Date "2020.11.28"]
[Round "4"]
[White "sidb123"]
[Black "MehPlayer"]
[Result "1/2-1/2"]
[ICCResult "Game drawn by mutual agreement"]
[WhiteElo "1389"]
[BlackElo "1548"]
[Opening "Sicilian defense"]
[ECO "B30"]
[NIC "SI.31"]
[Time "11:03:41"]
[PlyCount "48"]
[TimeControl "4500+10"]


1. e4 c5 2. Nf3 Nc6 3. Nc3 e6 4. Bc4 a6 5. a4 d6 6. O-O Nf6 7. Re1 Be7 8.
d3 O-O 9. Bf4 e5 10. Bg3 Nd4 11. Nxd4 cxd4 12. Nd5 Nxd5 13. Bxd5 Qc7 14.
Qd2 Bd7 15. Rec1 Bc6 16. Bxc6 bxc6 17. c3 dxc3 18. Qxc3 Rac8 19. b4 Qb6 20.
Qb3 Kh8 21. h3 Bg5 22. Rd1 f5 23. exf5 Qd4 24. Qc4 Qb6 { Game drawn by
mutual agreement } 1/2-1/2